 Dungeon Crawl Stone Soup version 0.27-a0-1206-g6342a01c75 (webtiles) character file.

Game seed: 12646137733509194770

965 Froggeryz the Chopper (level 8, -10/60 HPs)
             Began as a Gnoll Chaos Knight on June 5, 2021.
             Was a Believer of Okawaru.
             Mangled by a two-headed ogre
             ... wielding a +0 giant club
              (29 damage)
             ... on level 5 of the Dungeon.
             The game lasted 00:04:28 (4676 turns).

Froggeryz the Chopper (Gnoll Chaos Knight)          Turns: 4676, Time: 00:04:28

Health: -10/60     AC:  7    Str: 11    XL:     8   Next: 15%
Magic:  13/13      EV: 12    Int: 13    God:    Okawaru [**....]
Gold:   193        SH:  0    Dex: 13    Spells: 13/13 levels left

rFire    . . .     SeeInvis .   k - +1 hand axe (vorpal)
rCold    . . .     Faith    .   (no shield)
rNeg     . . .     Spirit   .   b - +2 leather armour
rPois    .         Reflect  .   (no helmet)
rElec    .         Harm     .   m - +0 cloak
rCorr    .         Rampage  .   n - +0 pair of gloves
Will     .....                  (no boots)
Stlth    ++........             (no amulet)
HPRegen  0.20/turn              p - ring of wizardry
MPRegen  0.13/turn              (no ring)

@: weak-willed
A: fangs 1, strong nose, distributed training, clever 1, deformed body, frail 1,
high mp 1, shaggy fur 1, weak 1
a: Renounce Religion, Heroism


You were on level 5 of the Dungeon.
You worshipped Okawaru.
Okawaru was pleased with you.
You visited 1 branch of the dungeon, and saw 5 of its levels.

You collected 193 gold pieces.

Inventory:

Hand Weapons
 k - a +1 vorpal hand axe (weapon)
 s - a +1 whip of flaming
Missiles
 f - 48 poisoned darts (quivered)
 i - 5 atropa-tipped darts
Armour
 b - a +2 leather armour (worn)
 m - a +0 cloak (worn)
 n - a +0 pair of gloves (worn)
Jewellery
 p - a ring of wizardry (left hand)
Wands
 h - a wand of mindburst (13)
 o - a wand of acid (6)
Scrolls
 j - 4 scrolls of identify
 l - 2 scrolls of enchant armour
 q - a scroll of summoning {unknown}
 r - a scroll of torment {unknown}
Potions
 c - 2 potions of might {unknown}
 d - 3 potions of curing {unknown}
 e - a potion of flight {unknown}


   Skills:
 + Level 7.2 Fighting
 + Level 3.0 Short Blades
 + Level 3.0 Long Blades
 + Level 7.2 Axes
 + Level 3.0 Maces & Flails
 + Level 3.0 Polearms
 + Level 3.0 Staves
 + Level 3.0 Slings
 + Level 3.0 Bows
 + Level 3.0 Crossbows
 + Level 3.0 Throwing
 + Level 5.5 Armour
 + Level 4.0 Dodging
 + Level 3.0 Stealth
 + Level 3.0 Shields
 + Level 3.0 Unarmed Combat
 + Level 3.0 Spellcasting
 + Level 2.4 Conjurations
 + Level 2.4 Hexes
 + Level 2.4 Summonings
 + Level 2.4 Necromancy
 + Level 2.4 Translocations
 + Level 2.4 Transmutations
 + Level 2.4 Fire Magic
 + Level 2.4 Ice Magic
 + Level 2.4 Air Magic
 + Level 2.4 Earth Magic
 + Level 2.4 Poison Magic
 + Level 3.3 Invocations
 + Level 3.0 Evocations


You had 13 spell levels left.
You didn't know any spells.
Your spell library contained the following spells:

 Spells                   Type           Power      Damage    Failure   Level
 Corona                   Hex            8%         N/A       4%          1
 Ensorcelled Hibernation  Hex/Ice        16%        N/A       6%          2
 Confusing Touch          Hex            8%         N/A       13%         3
 Dazzling Flash           Conj/Hex       16%        N/A       13%         3
 Tukima's Dance           Hex            8%         N/A       13%         3


Dungeon Overview and Level Annotations

Branches:
Dungeon (5/15)
 Temple: D:4-7

Altars:
Okawaru


Innate Abilities, Weirdness & Mutations

You have very sharp teeth.
Your uncanny sense of smell can sniff out nearby items.
Your experience applies equally to all skills.
Your mind is acute. (Int +2)
Armour fits poorly on your strangely shaped body.
You are frail. (-10% HP)
You have an increased reservoir of magic. (+10% MP)
You are covered in fur. (AC +1)
You are weak. (Str -2)


Message History

No target in view!
No target in view!
No target in view!
No target in view!
No target in view!
No target in view!
No target in view!
No target in view!
No target in view!
No target in view! "Where it stops, nobody knows!"
Your surroundings suddenly seem different.
Your surroundings suddenly seem different.
Your surroundings suddenly seem different.
Your surroundings suddenly seem different.
Your surroundings suddenly seem different.
The divine experience drains your vigour!
You feel yourself slow down.
Found 2 bubbling sapphire potions.
A two-headed ogre and a zombie come into view.
The two-headed ogre shouts in stereo!
The two-headed ogre hits you with a +0 giant club!
The two-headed ogre hits you with a +0 giant club!!
The bullfrog zombie hits you.
* * * LOW HITPOINT WARNING * * *
You feel yourself speed up.
A bullfrog zombie comes into view.
The bullfrog zombie hits you but does no damage.
As you read the scroll labelled GIVYUC DAGA, it crumbles to dust.
The creatures around you are filled with an inner flame!
It was a scroll of immolation.
As you read the scroll labelled DYLEIST HEITY, it crumbles to dust.
It is a scroll of identify.
l - 2 scrolls of enchant armour
As you read the scroll labelled WUISAZA DEIKH, it crumbles to dust.
Magic quickly surges around you.
It was a scroll of vulnerability.
The bullfrog zombie closely misses you.
The two-headed ogre hits you with a +0 giant club!!
You die...
Xom titters!

#.# #.# .#
#.# #.#
#.# #.#
#.# .#.
#.# #.#
#Z# #. #@#
.# # #O#
.#.#
#Z######.#
#.#
#.......#.
#.# ∆
##.......#
#.# #
+......#.
#.#.
#......+
#.#
#......#
#.#.
#......+
.#.#


You could see a two-headed ogre (inner flame, weak-willed) and 2 bullfrog
zombies.

Vanquished Creatures
  Pikel (D:4)
  An ogre (D:4)
  A centaur (D:5)
  A hound (D:4)
  A jelly (D:4)
  Crazy Yiuf (D:2)
  A centaur skeleton (D:4)
  Terence (D:2)
  An iguana (D:4)
  3 orc wizards
  6 adders
  An ufetubus (D:5)
  An adder skeleton (D:4)
  2 dart slugs
  7 orcs
  A bat (D:1)
  7 endoplasms
  3 giant cockroaches
  5 goblins
  8 hobgoblins
  4 jackals (D:1)
  A quokka (D:4)
  9 ball pythons
  2 frilled lizards
  6 kobolds
  4 rats
79 creatures vanquished.

Vanquished Creatures (others)
  2 plants (D:3)
2 creatures vanquished.

Grand Total: 81 creatures vanquished

Notes
Turn   | Place    | Note
-------+----------+-------------------------------------------
     0 | D:1      | Froggeryz the Gnoll Chaos Knight began the quest for the
                  | Orb.
     0 | D:1      | Reached XP level 1. HP: 23/23 MP: 1/1
   121 | D:1      | Reached XP level 2. HP: 25/29 MP: 2/2
   199 | D:1      | XOM: silly message
   377 | D:1      | Found a faded altar of an unknown god.
   757 | D:1      | XOM: 4-stop teleportation journey
   779 | D:1      | XOM: divination: magic mapping
  1019 | D:2      | XOM: divination: magic mapping
  1072 | D:2      | Noticed Terence
  1073 | D:2      | Reached XP level 3. HP: 31/35 MP: 3/3
  1094 | D:2      | Killed Terence
  1095 | D:2      | Reached skill level 1 in Short Blades
  1095 | D:2      | Reached skill level 1 in Long Blades
  1095 | D:2      | Reached skill level 1 in Maces & Flails
  1095 | D:2      | Reached skill level 1 in Polearms
  1095 | D:2      | Reached skill level 1 in Staves
  1095 | D:2      | Reached skill level 1 in Slings
  1095 | D:2      | Reached skill level 1 in Bows
  1095 | D:2      | Reached skill level 1 in Crossbows
  1095 | D:2      | Reached skill level 1 in Throwing
  1095 | D:2      | Reached skill level 1 in Stealth
  1095 | D:2      | Reached skill level 1 in Shields
  1095 | D:2      | Reached skill level 1 in Unarmed Combat
  1095 | D:2      | Reached skill level 1 in Spellcasting
  1095 | D:2      | Reached skill level 1 in Invocations
  1095 | D:2      | Reached skill level 1 in Evocations
  1153 | D:2      | XOM: god gift: wand of mindburst (13)
  1322 | D:2      | Reached XP level 4. HP: 37/41 MP: 5/5
  1663 | D:2      | Found a runed translucent door.
  1664 | D:2      | Noticed Crazy Yiuf
  1772 | D:2      | XOM: god gift: 24 gold pieces
  1889 | D:2      | Killed Crazy Yiuf
  1890 | D:2      | Reached skill level 1 in Conjurations
  1890 | D:2      | Reached skill level 1 in Hexes
  1890 | D:2      | Reached skill level 1 in Summonings
  1890 | D:2      | Reached skill level 1 in Necromancy
  1890 | D:2      | Reached skill level 1 in Translocations
  1890 | D:2      | Reached skill level 1 in Transmutations
  1890 | D:2      | Reached skill level 1 in Fire Magic
  1890 | D:2      | Reached skill level 1 in Ice Magic
  1890 | D:2      | Reached skill level 1 in Air Magic
  1890 | D:2      | Reached skill level 1 in Earth Magic
  1890 | D:2      | Reached skill level 1 in Poison Magic
  2063 | D:3      | Found an iron altar of Okawaru.
  2068 | D:3      | Fell from the grace of Xom
  2068 | D:3      | Became a worshipper of Warmaster Okawaru
  2186 | D:3      | Reached XP level 5. HP: 46/47 MP: 5/7
  2403 | D:3      | XOM: torment (25/47 hp)
  2879 | D:3      | XOM: 1-stop teleportation journey
  3314 | D:4      | Reached XP level 6. HP: 53/53 MP: 8/8
  3469 | D:4      | Reached skill level 5 in Armour
  3830 | D:4      | XOM: give mutations
  3830 | D:4      | Gained mutation: You are covered in fur. (AC +1) [Xom's
                  | grace]
  3830 | D:4      | Gained mutation: Your mind is acute. (Int +2) [Xom's grace]
  3830 | D:4      | Gained mutation: You have an increased reservoir of magic.
                  | (+10% MP) [Xom's grace]
  3916 | D:4      | Reached * piety under Okawaru
  3926 | D:4      | Reached XP level 7. HP: 59/59 MP: 11/11
  3972 | D:4      | XOM: stat loss: -3 Str (10/13)
  4334 | D:5      | Entered Level 5 of the Dungeon
  4339 | D:5      | Noticed Pikel
  4380 | D:4      | Killed Pikel
  4380 | D:4      | Reached ** piety under Okawaru
  4381 | D:4      | Reached XP level 8. HP: 37/67 MP: 11/13
  4440 | D:5      | XOM: give mutations
  4440 | D:5      | Gained mutation: You are weak. (Str -2) [Xom's mischief]
  4440 | D:5      | Gained mutation: Armour fits poorly on your strangely
                  | shaped body. [Xom's mischief]
  4440 | D:5      | Gained mutation: You are frail. (-10% HP) [Xom's mischief]
  4668 | D:5      | XOM: 5-stop teleportation journey
  4669 | D:5      | Noticed a two-headed ogre
  4676 | D:5      | Mangled by a two-headed ogre

Illustrated notes

Levels and vault maps discovered:
D:1:      dpeg_arrival_rooms_c, layout_basic, chequers_ecumenical_altar_simple
D:2:      layout_loops_cross, uniq_terence, uniq_crazy_yiuf_cottage
D:3:      layout_basic, lemuel_crystal_altar, chequers_big_river
D:4:      layout_gridville, kennysheep_diamond
D:5:      layout_basic, amethyst_overflow_temple_binary, hangedman_decor_points,
          uniq_pikel, uniq_duvessa

Skill      XL: |  1  2  3  4  5  6  7  8 |
---------------+-------------------------+-----
Short Blades   | 1 2 3 |  3.0
Long Blades    | 1 2 3 |  3.0
Maces & Flails | 1 2 3 |  3.0
Polearms       | 1 2 3 |  3.0
Staves         | 1 2 3 |  3.0
Slings         | 1 2 3 |  3.0
Bows           | 1 2 3 |  3.0
Crossbows      | 1 2 3 |  3.0
Throwing       | 1 2 3 |  3.0
Stealth        | 1 2 3 |  3.0
Shields        | 1 2 3 |  3.0
Unarmed Combat | 1 2 3 |  3.0
Spellcasting   | 1 2 3 |  3.0
Invocations    | 1 2 3 |  3.3
Evocations     | 1 2 3 |  3.0
Conjurations   | 1 2 |  2.4
Hexes          | 1 2 |  2.4
Summonings     | 1 2 |  2.4
Necromancy     | 1 2 |  2.4
Translocations | 1 2 |  2.4
Transmutations | 1 2 |  2.4
Fire Magic     | 1 2 |  2.4
Ice Magic      | 1 2 |  2.4
Air Magic      | 1 2 |  2.4
Earth Magic    | 1 2 |  2.4
Poison Magic   | 1 2 |  2.4
Dodging        | 3 4 |  4.0
Armour         | 5 |  5.5
Fighting       | 7 |  7.2
Axes           | 7 |  7.2

Action                   |  1- 3 |  4- 6 |  7- 9 || total
-------------------------+-------+-------+-------++-------
Melee: Hand axe          |    62 |   146 |    62 ||   270
       Bite              |     1 |    13 |     8 ||    22
Throw: Dart              |     7 |       |       ||     7
Evoke: Wand              |       |     1 |       ||     1
  Use: Scroll            |       |       |     3 ||     3
 Stab: Sleeping          |       |     1 |     1 ||     2
Armor: Leather armour    |    16 |    55 |    23 ||    94
Dodge: Dodged            |    39 |    85 |    39 ||   163

Table legend: (Time is in decaauts)
 A = Elapsed time spent in this place.
 B = Non-inter-level travel time spent in this place.
 C = Inter-level travel time spent in this place.
 D = Time resting spent in this place.
 E = Time spent auto-exploring this place.
 F = Levels seen in this place.
 G = Mean time per level.
                   A        B        C        D        E       F      G
               +--------+--------+--------+--------+--------+-----+--------+
         Total |   4708 |   4571 |    137 |    227 |   3724 |   5 |  941.6 |
       Dungeon |   4708 |   4571 |    137 |    227 |   3724 |   5 |  941.6 |
               +--------+--------+--------+--------+--------+-----+--------+

Top non-repeatable levels by time:
     D:3: 1339 daAuts
     D:4: 1112 daAuts
     D:1: 980 daAuts
     D:2: 966 daAuts
     D:5: 309 daAuts
